 Dungeon Crawl Stone Soup version 0.22.1-1-ga44c0e5 (webtiles) character file.

105 Lauz the Slasher (level 4, -7/39 HPs)
             Began as a Minotaur Berserker on Nov 8, 2018.
             Was a Follower of Trog.
             Mangled by a gnoll
             ... wielding a +0 flail
              (10 damage)
             ... on level 2 of the Dungeon.
             The game lasted 00:01:51 (2195 turns).

Lauz the Slasher (Minotaur Berserker)               Turns: 2195, Time: 00:01:52

Health: -7/39      AC:  2    Str: 22    XL:     4   Next: 53%
Magic:  3/3        EV: 12    Int:  4    God:    Trog [*.....]
Gold:   48         SH:  0    Dex: 10    Spells: 3/3 levels left

rFire    . . .     SeeInvis .   a - +0 falchion
rCold    . . .     Gourm    .   (no shield)
rNeg     + . .     Faith    .   b - +0 animal skin
rPois    +         Spirit   .   (helmet restricted)
rElec    .         Reflect  .   (no cloak)
rCorr    .         Harm     .   (no gloves)
MR       .....                  (no boots)
Stlth    +.........             (no amulet)
HPRegen  0.13/turn              j - ring of positive energy
MPRegen  0.08/turn              k - ring of poison resistance

@: lethally poisoned (-7 -> -8), berserk cooldown, flying, slowed, very slow
A: retaliatory headbutt, horns 2
a: Berserk, Renounce Religion


You were on level 2 of the Dungeon.
You worshipped Trog.
Trog was aware of your devotion.
You were hungry.

You visited 1 branch of the dungeon, and saw 3 of its levels.

You collected 48 gold pieces.

Inventory:

Hand Weapons
 a - a +0 falchion (weapon)
Armour
 b - a +0 animal skin (worn)
Jewellery
 j - a ring of positive energy (left hand)
 k - a ring of poison resistance (right hand)
Scrolls
 d - 2 scrolls of enchant armour {unknown}
 e - 3 scrolls of teleportation {unknown}
 f - a scroll of amnesia {unknown}
 g - 2 scrolls of identify {unknown}
 h - 2 scrolls of remove curse {unknown}
 i - a scroll of magic mapping {unknown}
 m - a scroll of fog {unknown}
Potions
 l - a potion of flight
Comestibles
 c - a ration
 n - a chunk of flesh


   Skills:
 - Level 3.6 Fighting
 + Level 6.2 Long Blades
 - Level 2.4 Armour
 - Level 2.1 Dodging
 + Level 0.9 Stealth


You had 3 spell levels left.
You didn't know any spells.
Your spell library was empty.

Dungeon Overview and Level Annotations

Branches:
Dungeon (3/15)

Altars:


Innate Abilities, Weirdness & Mutations

You reflexively headbutt those who attack you in melee.
You have a pair of horns on your head.


Message History

You are exhausted.
You feel yourself slow down.
You feel sick.
A gnoll comes into view. It is wielding a halberd.
The adder barely misses you. The adder misses you.
You feel sick. The adder bites you.
* * * LOW HITPOINT WARNING * * *
There is a stone staircase leading up here.
The adder barely misses you. You furiously retaliate!
You headbutt the adder!
You kill the adder!
Trog accepts your kill. The gnoll closely misses you.
You riposte.
You barely miss the gnoll.
You headbutt the gnoll, but do no damage.
You climb upwards.
You feel sick.
There is a stone staircase leading down here.
It was a potion of flight.
You feel very buoyant.
You fly up into the air.
The gnoll hits you with a flail!
You die...

........#.##..#### ##...# #.#
...######.##.....# #...# #.#
.#......#.##.....# #...# #.#
.######.#.##.....# #...# #.#
.######.#.#......# #...# #.#
......#†#.#......#######...# #.#
#####...#........'.........# #.#
###########....g.#######.#.# #.#
................@# #.#.# #.#
....#######.############.#.# #.#
.........................#.# #.#
.....#..........##########)###.##
##.#.#..........# #.............#
#.#.#..(....<..# #.######.######
#.#.#.#.#..#.#.# #.# #.#
#.#.#.#.#..#.#.# #.# #.#
#.#.#.#.#..#.#.# #.# #.#


You could see a gnoll.

Vanquished Creatures
  5 adders
  2 gnolls (D:3)
  An ooze (D:1)
  A leopard gecko (D:2)
  3 orcs (D:3)
  3 bats
  2 giant cockroaches
  4 goblins (D:2)
  3 hobgoblins
  A quokka (D:2)
  3 frilled lizards
  A kobold (D:2)
  6 rats
35 creatures vanquished.

Notes
Turn   | Place    | Note
-------+----------+-------------------------------------------
     0 | D:1      | Lauz the Minotaur Berserker began the quest for the Orb.
     0 | D:1      | Reached XP level 1. HP: 19/19 MP: 0/0
   263 | D:1      | Reached skill level 4 in Long Blades
   416 | D:1      | Reached XP level 2. HP: 26/26 MP: 1/1
  1195 | D:2      | Reached skill level 5 in Long Blades
  1195 | D:2      | Reached XP level 3. HP: 30/31 MP: 2/2
  1763 | D:2      | Reached XP level 4. HP: 25/39 MP: 3/3
  2176 | D:3      | Reached skill level 6 in Long Blades
  2195 | D:2      | Mangled by a gnoll

Skill      XL: |  1  2  3  4 |
---------------+-------------+-----
Long Blades    | 4 5 6 |  6.2
Fighting       | |  3.6
Armour         | |  2.4
Dodging        | |  2.1
Stealth        | |  0.9

Action                   |  1- 3 |  4- 6 || total
-------------------------+-------+-------++-------
Melee: Falchion          |    55 |    12 ||    67
       Headbutt          |     8 |     7 ||    15
Invok: Berserk           |       |     1 ||     1
  Use: Potion            |       |     1 ||     1
 Stab: Sleeping          |     2 |       ||     2
  Eat: Chunk             |     2 |     2 ||     4
Armor: Animal skin       |     6 |       ||     6
Dodge: Dodged            |    37 |    13 ||    50
       Rpst.: Falchion   |    12 |     4 ||    16
